 Dungeon Crawl Stone Soup version 0.28-a0-657-g71136c5590 (webtiles) character file.

Game seed: 18331544610046307617

1164 Sabo the Twirler (level 8, -1/62 HPs)
             Began as a Formicid Fighter on Oct 13, 2021.
             Was a Priest of Nemelex Xobeh.
             Slain by a black bear (5 damage)
             ... on level 6 of the Dungeon on Oct 14, 2021.
             The game lasted 00:23:27 (5502 turns).

Sabo the Twirler (Formicid Fighter)                 Turns: 5502, Time: 00:23:29

Health: -1/62      AC: 10    Str: 22    XL:     8   Next: 67%
Magic:  17/17      EV:  8    Int:  8    God:    Nemelex Xobeh [***...]
Gold:   260        SH:  5    Dex: 11    Spells: 7/7 levels left

rFire   . . .      SeeInvis +   a - +0 quarterstaff
rCold   . . .      Faith    .   c - +0 buckler
rNeg    . . .      Spirit   .   t - +0 chain mail
rPois   .          Reflect  .   (helmet unavailable)
rElec   .          Harm     .   (no cloak)
rCorr   .          Rampage  .   (no gloves)
Will    .....                   (no boots)
Stlth   ..........              (no amulet)
HPRegen 0.20/turn               q - ring of magical power
MPRegen 0.15/turn               (no ring)

@: no status effects
A: permanent stasis, dig shafts and tunnels, antennae 3, four strong arms
a: Dig, Shaft Self, Renounce Religion, Draw Escape, Draw Destruction, Draw
Summoning, Triple Draw


You were on level 6 of the Dungeon.
You worshipped Nemelex Xobeh.
Nemelex Xobeh was most pleased with you.
You visited 1 branch of the dungeon, and saw 6 of its levels.

You collected 260 gold pieces.

Inventory:

Hand Weapons
 a - a +0 quarterstaff (weapon)
 f - a +2 dagger of venom
 i - a +0 hunting sling
 j - a +3 dagger
Missiles
 e - 44 bolts
 g - 46 sling bullets
 h - 40 arrows
 u - a throwing net
Armour
 c - a +0 buckler (worn)
 t - a +0 chain mail (worn)
Jewellery
 m - an amulet of faith
 q - a ring of magical power (left hand)
Scrolls
 k - a scroll of enchant armour {unknown}
 o - a scroll of summoning {unknown}
 p - a scroll of teleportation {unknown}
 s - a scroll of amnesia {unknown}
 v - a scroll of identify {unknown}
Potions
 b - 2 potions of attraction {unknown}
 d - a potion of might
 n - a potion of flight {unknown}
 r - a potion of degeneration {unknown}
 w - a potion of curing {unknown}


   Skills:
 + Level 5.1 Fighting
 + Level 6.6 Staves
 + Level 6.0 Armour
 + Level 1.6 Dodging
 + Level 1.1 Stealth
 + Level 5.7 Shields


You had 7 spell levels left.
You didn't know any spells.
Your spell library contained the following spells:

 Spells                   Type           Power      Damage    Failure   Level
 Ensorcelled Hibernation  Hex/Ice        0%         N/A       99%         2
 Spider Form              Tmut/Pois      0%         N/A       100%        3


Dungeon Overview and Level Annotations

Branches:
Dungeon (6/15)             Temple (0/1) D:6

Altars:
Nemelex Xobeh
Vehumet
Beogh

Shops:
D:3 [   D:5 (

Annotations:
D:6 2 transporters


Innate Abilities, Weirdness & Mutations

You cannot be hasted, slowed, berserked, paralysed or teleported.
You can dig through walls and to a lower floor.
You have a pair of large antennae on your head. (SInv)
Your four strong arms can wield two-handed weapons with a shield.


Message History

The gnoll hits you from afar with a +0 spear.
You struggle against the net.
The gnoll hits you from afar with a +0 spear.
The black bear bites you.
The black bear claws you but does no damage.
The black bear completely misses you.
You struggle against the net.
The gnoll hits you from afar with a +0 spear.
* * * LOW HITPOINT WARNING * * *
The black bear bites you.
* * * LOW HITPOINT WARNING * * *
The black bear claws you.
* * * LOW HITPOINT WARNING * * *
The black bear claws you.
* * * LOW HITPOINT WARNING * * *
The gnoll hits you from afar with a +0 spear.
* * * LOW HITPOINT WARNING * * *
Unknown command.
You rip the net and break free!
You block the gnoll's attack. The black bear bites you.
* * * LOW HITPOINT WARNING * * *
The black bear claws you but does no damage. x2
You hit the black bear but do no damage.
The gnoll hits you but does no damage.
The black bear bites you but does no damage.
You block the black bear's attack.
The black bear claws you but does no damage.
The gnoll barely misses you.
You hit the black bear.
The black bear is lightly wounded.
The gnoll hits you but does no damage.
The black bear bites you but does no damage.
The black bear claws you but does no damage. x2
You sock the black bear!
The black bear is severely wounded.
The gnoll hits you from afar with a +0 spear.
* * * LOW HITPOINT WARNING * * *
The black bear bites you.
You die...
Your body glows slightly and disappears.

#........# # #........# #
#........# # +........# #
#........# # #........# #
#........# #
#........############ {.
####@................
...####h###.......#####.
......gg.##.......#####.
{.........+........+.....
.........##..[....#####.
################### #. #.
## #. #


You could see a black bear and 2 gnolls.

Vanquished Creatures
  A steam dragon (D:6)
  An ice beast (D:6)
  2 necrophages (D:6)
  An ogre (D:4)
  A phantom (D:6)
  A bullfrog (D:6)
  A centaur zombie (D:6)
  A crimson imp (D:6)
  A hound (D:4)
  A bullfrog skeleton (D:6)
  A gnoll shaman (D:6)
  An orc priest (D:4)
  A centaur skeleton (D:6)
  2 iguanas (D:4)
  A killer bee zombie (D:6)
  A hound zombie (D:5)
  5 gnolls
  2 adders
  5 dart slugs
  7 orcs
  4 ball pythons
  10 endoplasms
  7 giant cockroaches
  8 goblins
  8 hobgoblins
  7 jackals
  3 quokkas
  4 bats
  2 frilled lizards (D:3)
  5 kobolds
  7 rats
102 creatures vanquished.

Vanquished Creatures (collateral kills)
  A bullfrog (D:4)
  A dart slug (D:4)
  2 kobolds (D:4)
4 creatures vanquished.

Grand Total: 106 creatures vanquished

Notes
Turn   | Place    | Note
-------+----------+-------------------------------------------
     0 | D:1      | Sabo the Formicid Fighter began the quest for the Orb.
     0 | D:1      | Reached XP level 1. HP: 18/18 MP: 1/1
    65 | D:1      | Reached XP level 2. HP: 24/24 MP: 2/2
   139 | D:1      | Found a faded altar of an unknown god.
   142 | D:1      | Prayed at the altar of an unknown god.
   142 | D:1      | Became a worshipper of Nemelex Xobeh the Trickster
   142 | D:1      | Reached * piety under Nemelex Xobeh
   142 | D:1      | Received a gift from Nemelex Xobeh
   259 | D:1      | Reached XP level 3. HP: 26/29 MP: 3/3
   906 | D:1      | Reached ** piety under Nemelex Xobeh
  1144 | D:2      | Received a gift from Nemelex Xobeh
  1267 | D:2      | Reached skill level 1 in Dodging
  1494 | D:2      | Reached XP level 4. HP: 32/36 MP: 4/4
  2703 | D:3      | Reached XP level 5. HP: 25/42 MP: 5/5
  2880 | D:3      | Found Amiciyll's Antique Armour Shop.
  3184 | D:4      | Noticed an ogre
  3195 | D:4      | Killed an ogre
  3196 | D:4      | Reached XP level 6. HP: 8/48 MP: 6/6
  3615 | D:4      | Reached XP level 7. HP: 36/54 MP: 7/7
  3906 | D:4      | You fall into a shaft and drop 1 floor!
  3906 | D:5      | Entered Level 5 of the Dungeon
  3922 | D:5      | Reached skill level 5 in Staves
  4176 | D:5      | Found Apsesch's Weapon Boutique.
  4503 | D:6      | Reached *** piety under Nemelex Xobeh
  4537 | D:6      | Reached skill level 5 in Armour
  4706 | D:6      | Found a staircase to the Ecumenical Temple.
  4727 | D:6      | Reached skill level 1 in Stealth
  4804 | D:6      | Received a gift from Nemelex Xobeh
  4825 | D:6      | Reached skill level 5 in Shields
  4825 | D:6      | Reached XP level 8. HP: 56/61 MP: 8/8
  4900 | D:6      | Found a transporter.
  4916 | D:6      | Found a transporter.
  4917 | D:6      | Noticed a two-headed ogre
  4918 | D:6      | Noticed a kobold demonologist
  4934 | D:6      | Found a radiant altar of Vehumet.
  5219 | D:6      | Reached skill level 5 in Fighting
  5502 | D:6      | Slain by a black bear

Illustrated notes

Levels and vault maps discovered:
D:1:      amcnicky_arrival_choice, layout_loops_ring,
          hellmonk_ecumenical_altar_defaced_shrine
D:2:      layout_basic
D:3:      layout_loops_ring, serial_shops, nicolae_lakefront_shop,
          skrybe_limestone_x, minmay_pentangle
D:4:      layout_gridville, serial_glass, glass_columns_c, glass_columns_a,
          glass_columns_a, glass_columns_c, glass_columns_b, glass_columns_a,
          glass_columns_a, glass_columns_b, glass_columns_a, glass_columns_c,
          glass_columns_c, glass_columns_a, glass_columns_a, glass_columns_c,
          minmay_bent, uniq_edmund, uniq_duvessa
D:5:      layout_basic, serial_shops, shop
D:6:      layout_basic, gammafunk_temple_overflow_arena,
          minmay_temple_entry_stoned_glass, uniq_eustachio

Skill      XL: |  1  2  3  4  5  6  7  8 |
---------------+-------------------------+-----
Dodging        | 1 |  1.6
Staves         | 3 4 5 6 |  6.6
Shields        | 4 5 |  5.7
Armour         | 4 5 6 |  6.0
Fighting       | 4 5 |  5.1
Stealth        | 1 |  1.1

Action                   |  1- 3 |  4- 6 |  7- 9 || total
-------------------------+-------+-------+-------++-------
Melee: Quarterstaff      |    90 |   146 |   132 ||   368
Invok: Draw Summoning    |       |     1 |       ||     1
       Draw Destruction  |       |       |     1 ||     1
 Abil: Dig               |     2 |     5 |     2 ||     9
  Use: Potion            |       |     1 |     4 ||     5
       Scroll            |       |       |     1 ||     1
Armor: Scale mail        |    44 |    35 |       ||    79
       Chain mail        |       |    31 |    78 ||   109
Dodge: Dodged            |    48 |    58 |    48 ||   154
Block: Buckler           |    13 |    37 |    50 ||   100

Table legend: (Time is in decaauts)
 A = Elapsed time spent in this place.
 B = Non-inter-level travel time spent in this place.
 C = Inter-level travel time spent in this place.
 D = Time resting spent in this place.
 E = Time spent auto-exploring this place.
 F = Levels seen in this place.
 G = Mean time per level.
                   A        B        C        D        E       F      G
               +--------+--------+--------+--------+--------+-----+--------+
         Total |   5548 |   5548 |      0 |   1836 |      0 |   6 |  924.7 |
       Dungeon |   5548 |   5548 |      0 |   1836 |      0 |   6 |  924.7 |
               +--------+--------+--------+--------+--------+-----+--------+

Top non-repeatable levels by time:
     D:3: 1344 daAuts
     D:1: 1068 daAuts
     D:6: 1019 daAuts
     D:2: 807 daAuts
     D:4: 730 daAuts
     D:5: 578 daAuts
